 Dungeon Crawl Stone Soup version 0.32-a0-656-g3542139ebd (webtiles) character file.

Game seed: 387908242823065751

95 Dittersdorf the Shield-Bearer (level 4, -2/29 HPs)
             Began as a Gargoyle Fighter on Mar 8, 2024.
             Slain by a gnoll
             ... wielding a +0 flail
              (7 damage)
             ... on level 3 of the Dungeon.
             The game lasted 00:01:32 (1891 turns).

Dittersdorf the Shield-Bearer (Gargoyle Fighter)    Turns: 1891, Time: 00:01:33

Health: -2/29      AC: 13    Str: 22    XL:     4   Next: 65%
Magic:  4/4        EV:  8    Int:  8    God:
Gold:   40         SH:  4    Dex:  9    Spells: 3/3 levels left

rFire   . . .        a - +0 flail
rCold   . . .        c - +0 buckler
rNeg    + . .        e - +0 chain mail
rPois   ∞            (no helmet)
rElec   +            (no cloak)
rCorr   .            (no gloves)
SInv    .            (no boots)
Will    .....        (no amulet) Stlth
                     (no ring)
HPRegen 0.24/turn    (no ring)
MPRegen 0.09/turn

%: no passive effects
@: no status effects
A: sickness immunity, AC +3, negative energy resistance 1, electricity
resistance, torment resistance 1, petrification resistance
a: no special abilities


You were on level 3 of the Dungeon.
You visited 1 branch of the dungeon, and saw 3 of its levels.

You collected 40 gold pieces.

Inventory:

Hand Weapons
 a - a +0 flail (weapon)
Missiles
 g - 3 silver javelins (quivered)
Armour
 c - a +0 buckler (worn)
 e - a +0 chain mail (worn)
Jewellery
 j - an amulet of reflection
 p - a +4 ring of protection
Wands
 q - a wand of paralysis (6)
Scrolls
 b - a scroll of identify {unknown}
 f - a scroll of teleportation {unknown}
 i - a scroll of enchant weapon {unknown}
 k - 2 scrolls of immolation {unknown}
 l - a scroll of fog {unknown}
Potions
 d - a potion of might
 h - 2 potions of curing {unknown}
 m - a potion of haste {unknown}
 n - a potion of ambrosia {unknown}
 o - a potion of lignification {unknown}
 r - 2 potions of berserk rage {unknown}


   Skills:
 + Level 4.0 Fighting
 + Level 2.8 Maces & Flails
 + Level 4.0 Armour
 + Level 4.1 Shields


You had 3 spell levels left.
You didn't know any spells.
Your spell library was empty.

Dungeon Overview and Level Annotations

Branches:
Dungeon (3/15)

Altars:
The Shining One


Innate Abilities, Weirdness & Mutations

You are immune to sickness and miasma.
Your stone body is resilient. (AC +3)
You are immune to poison.
You resist negative energy. (rN+)
You are resistant to electric shocks. (rElec)
You are resistant to unholy torment.
You are immune to petrification.


Message History

The goblin wields a +0 sling.
The goblin shoots a sling bullet.
The sling bullet hits you.
You sock the gnoll!
The gnoll is almost dead.
The gnoll hits you with a +0 flail.
You are too injured to fight recklessly!
You are too injured to fight recklessly!
You are too injured to fight recklessly!
You are too injured to fight recklessly!
You are too injured to fight recklessly!
You are too injured to fight recklessly!
You are too injured to fight recklessly!
You are too injured to fight recklessly!
You are too injured to fight recklessly!
You are too injured to fight recklessly!
You are too injured to fight recklessly!
You are too injured to fight recklessly!
You are too injured to fight recklessly!
You are too injured to fight recklessly!
You are too injured to fight recklessly!
You are too injured to fight recklessly!
You are too injured to fight recklessly!
You are too injured to fight recklessly!
You are too injured to fight recklessly!
You barely miss the gnoll.
The gnoll is almost dead.
The gnoll hits you with a +0 whip. The gnoll hits you with a +0 flail.
* * * LOW HITPOINT WARNING * * *
The gnoll barely misses you. The gnoll hits you with a +0 flail.
* * * LOW HITPOINT WARNING * * *
You completely miss the gnoll.
The gnoll is almost dead.
You block the gnoll's attack. The gnoll hits you but does no damage.
You hit the gnoll but do no damage.
The gnoll is almost dead.
The gnoll hits you but does no damage. x2
The gnoll attacks as it pursues you! The gnoll closely misses you.
The gnoll attacks as it pursues you! The gnoll barely misses you.
The gnoll attacks as it pursues you! The gnoll hits you with a +0 flail!
You die...

# #. ##.###. .....# #
....... ...... .#
#......### .._... ##.
#)..## ...... #..
#..gg##.....##..#
#.$#..##...+#..#
.#..#.g.## ##..#########
#.......@.###............
####.####..#....#####....
#.# #..#....# #....
#....##...#.## #.... ##
#.###.##.### #.... #.#
#......# ###.#
#####.####.....# ###.#
#<.......#.....# #...#
#........#.....# #...#


You could see 2 gnolls and a goblin.

Vanquished Creatures
  Ijyb (D:2)
  2 gnolls
  2 dart slugs
  7 ball pythons
  5 endoplasms (D:1)
  3 giant cockroaches (D:1)
  8 goblins
  2 hobgoblins
  4 kobolds (D:1)
  2 quokkas
  4 frilled lizards
  2 rats (D:1)
42 creatures vanquished.

Notes
Turn   | Place    | Note
-------+----------+-------------------------------------------
     0 | D:1      | Dittersdorf the Gargoyle Fighter began the quest for the
                  | Orb.
     0 | D:1      | Reached XP level 1. HP: 14/14 MP: 1/1
    98 | D:1      | Reached XP level 2. HP: 19/19 MP: 2/2
   300 | D:1      | Found a faded altar of an unknown god.
   308 | D:1      | Reached XP level 3. HP: 19/23 MP: 3/3
  1349 | D:2      | Noticed Ijyb
  1368 | D:2      | Paralysed by Ijyb for 3 turns
  1374 | D:2      | Killed Ijyb
  1375 | D:2      | Reached XP level 4. HP: 23/29 MP: 4/4
  1873 | D:3      | Found a glowing golden altar of the Shining One.
  1891 | D:3      | Slain by a gnoll

Illustrated notes

Levels and vault maps discovered:
D:1:      eino_arrival_cavern_a, layout_basic, hellmonk_ecumenical_altar_run_dry
D:2:      kennysheep_the_goblin_king, layout_loops_cross
D:3:      layout_loops_cross, tso_metal_star, minmay_pentomino_pile,
          uniq_jessica

Skill      XL: |  1  2  3  4 |
---------------+-------------+-----
Armour         | 4 |  4.0
Shields        | 4 |  4.1
Fighting       | 4 |  4.0
Maces & Flails | |  2.8

Action                     |  1- 3 |  4- 6 || total
---------------------------+-------+-------++-------
  Melee: Flail             |   122 |    32 ||   154
  Throw: Javelin           |     1 |       ||     1
 Armour: Scale mail        |     9 |       ||     9
         Chain mail        |   123 |    31 ||   154
  Dodge: Dodged            |    38 |     9 ||    47
  Block: Buckler           |    33 |     6 ||    39

Table legend: (Time is in decaauts)
 A = Elapsed time spent in this place.
 B = Non-inter-level travel time spent in this place.
 C = Inter-level travel time spent in this place.
 D = Time resting spent in this place.
 E = Time spent auto-exploring this place.
 F = Levels seen in this place.
 G = Mean time per level.
                   A        B        C        D        E       F      G
               +--------+--------+--------+--------+--------+-----+--------+
         Total |   1939 |   1807 |    132 |     45 |   1378 |   3 |  646.3 |
       Dungeon |   1939 |   1807 |    132 |     45 |   1378 |   3 |  646.3 |
               +--------+--------+--------+--------+--------+-----+--------+

Top non-repeatable levels by time:
     D:1: 1117 daAuts
     D:2: 730 daAuts
     D:3: 91 daAuts
